 Dungeon Crawl Stone Soup version 0.22-a0-192-g6ffc940 (webtiles) character file.

10141 wolfsongas the Grappler (level 11, -4/105 HPs)
             Began as a Troll Transmuter on Feb 16, 2018.
             Was a High Priest of Okawaru.
             Slain by an orc warrior
             ... wielding a +0 spear
              (16 damage)
             ... in a bailey.
             The game lasted 00:23:55 (8001 turns).

wolfsongas the Grappler (Troll Transmuter)          Turns: 8001, Time: 00:23:56

Health: -4/105     AC:  2    Str: 20    XL:     11   Next: 32%
Magic:  17/17      EV: 29    Int: 12    God:    Okawaru [*****.]
Gold:   414        SH:  0    Dex: 15    Spells: 4/19 levels left

rFire    + . .     SeeInvis .     - Unarmed
rCold    + . .     Gourm    +   (shield currently unavailable)
rNeg     . . .     Faith    .   (armour currently unavailable)
rPois    .         Spirit   .   (helmet currently unavailable)
rElec    +         Reflect  .   (cloak currently unavailable)
rCorr    +         Harm     .   (gloves unavailable)
MR       .....                  (boots unavailable)
Stlth    +.........             e - amulet of magic regeneration
HPRegen  0.67/turn              g - ring of wizardry
MPRegen  0.40/turn              j - +5 ring of evasion

@: spider-form, resistant
A: tiny, unfitting armour, fast metabolism 3, gourmand, regeneration 1
a: End Transformation, Heroism, Finesse, Renounce Religion


You were in a bailey.
You worshipped Okawaru.
Okawaru was extremely pleased with you.
You were not hungry.
You were a venomous arachnid creature.
You visited 1 branch of the dungeon, and saw 10 of its levels.
You also visited: Bailey.

You collected 544 gold pieces.
You spent 130 gold pieces at shops.

Inventory:

Missiles
 a - 237 arrows
 q - 4 javelins of penetration (quivered)
Armour
 b - a +1 robe of the Archmagi (melded)
 s - a scarf of resistance (melded)
Jewellery
 e - an amulet of magic regeneration (around neck)
 g - a ring of wizardry (left front leg)
 j - a +5 ring of evasion (right front leg)
 p - a +3 ring of slaying
 u - an uncursed ring of wizardry
 z - a +5 ring of dexterity
Wands
 h - a wand of iceblast (3)
 y - a wand of scattershot (6)
 A - a wand of acid (9)
Scrolls
 f - a scroll of magic mapping
 m - 2 scrolls of fear
 n - a scroll of fog
 o - 4 scrolls of remove curse
 x - 3 scrolls of teleportation
Potions
 l - 4 potions of curing
Books
 c - a book of Changes

   Spells                             Type                      Level
   a - Beastly Appendage              Transmutation                1
   b - Sticks to Snakes               Transmutation                2
   c - Spider Form                    Transmutation/Poison         3
   d - Ice Form                       Ice/Transmutation            4
   e - Blade Hands                    Transmutation                5
Comestibles
 d - 17 rations


   Skills:
 + Level 6.1 Fighting
 + Level 6.3 Dodging
 + Level 9.9 Unarmed Combat
 + Level 4.8 Spellcasting
 * Level 6.7 Transmutations


You had 4 spell levels left.
You knew the following spells:

 Your Spells              Type           Power        Failure   Level  Hunger
a - Beastly Appendage     Tmut           ###...       2%          1    None
b - Sticks to Snakes      Tmut           ###.....     3%          2    ##.....
c - Blade Hands           Tmut           ###.......   26%         5    ######.
d - Ice Form              Ice/Tmut       ##......     34%         4    ####...
e - Spider Form           Tmut/Pois      ##........   14%         3    ###....


Dungeon Overview and Level Annotations

Branches:
Dungeon (10/15)            Temple (0/1) D:5
   Lair: D:8-11         Orc: D:9-12

Altars:
Makhleb
Okawaru
Sif Muna
Trog
Uskayaw
Vehumet
Yredelemnul

Shops:
D:4 ![   D:10 :


Innate Abilities, Weirdness & Mutations

You are too large for most types of armour.
((You have claws for hands.))
Your metabolism is lightning-fast.
You like to eat raw meat.
Your natural rate of healing is unusually fast.
((You are covered in fur. (AC +1)))
((You have very tough skin. (AC +2)))


Message History

The javelin of returning hits you!
* * * LOW HITPOINT WARNING * * *
The weapon returns to the centaur!
The centaur throws a javelin of returning.
The javelin of returning barely misses you.
The weapon returns to the centaur!
The orc warrior hits you from afar with a spear.
* * * LOW HITPOINT WARNING * * *
You see here a javelin of returning.
The centaur throws a javelin of returning.
The javelin of returning hits you!
* * * LOW HITPOINT WARNING * * *
The weapon returns to the centaur!
The centaur throws a javelin of returning.
The javelin of returning completely misses you.
You feel protected.
The centaur throws a javelin of returning.
The javelin of returning misses you.
The weapon returns to the centaur!
The orc warrior hits you from afar with a spear!
You die...

#≈≈.≈≈....≈≈≈≈≈≈≈....≈
#≈≈c≈.....≈≈≈≈≈≈≈.....
#≈≈.≈.....≈≈≈[≈≈≈.....
#≈≈.≈.....≈≈≈)≈≈≈..
#≈≈.≈.....≈≈≈.≈≈≈o
#≈≈.≈....(≈≈≈≈≈≈≈
#≈≈.≈≈.o()≈≈≈≈≈≈≈
#≈≈≈.≈.....≈≈≈≈≈.
#≈≈≈o≈≈s⌠..≈≈≈≈≈.
#≈≈≈≈.≈.....≈≈≈..
#≈≈≈≈.≈≈≈.cc.....
#≈≈≈≈≈..≈≈≈.....≈
#≈≈≈≈≈≈≈..≈≈≈.≈≈≈
##≈≈≈≈≈≈≈≈......
##≈≈≈≈≈≈≈≈≈≈≈≈
##≈≈≈≈≈≈≈≈≈≈≈


You could see 2 orc warriors and 3 centaurs.

Vanquished Creatures
  The ghost of wolfsongas the Insei, a novice MfTm (D:7)
  An unseen horror (D:10)
  A gargoyle (D:10)
  The ghost of rageheart7 the Skirmisher, a novice HuWn (D:5)
  The ghost of Alex the Cudgeler, an amateur MiFi (D:3)
  A hornet (D:9)
  A hippogriff (D:10)
  The ghost of holliwood the Skirmisher, an amateur OgBe of Trog (D:4)
  A vampire (D:10)
  A human (D:7)
  3 yaks (D:9)
  Eustachio (D:4)
  4 hogs (D:7)
  Grum (D:10)
  3 hungry ghosts
  4 vampire mosquitoes (D:8)
  Menkaure (D:4)
  A water moccasin (D:6)
  2 ice beasts
  A sky beast (D:9)
  12 orc warriors
  2 black bears (D:10)
  A hornet zombie (D:9)
  A phantom (D:8)
  2 wolves (D:10)
  4 centaurs
  4 ogres
  2 bullfrogs (D:6)
  3 scorpions
  A water moccasin skeleton (D:7)
  10 wights
  2 howler monkeys
  A centaur zombie (D:7)
  3 crimson imps
  4 hounds
  A quasit (D:8)
  4 jellies
  5 orc priests
  4 iguanas
  2 bullfrog skeletons
  11 orc wizards
  11 worker ants
  A killer bee zombie (D:5)
  2 hound zombies (D:6)
  12 adders
  4 gnolls (D:5)
  A shadow imp (D:7)
  An ooze (D:2)
  An adder zombie (D:8)
  An adder skeleton (D:5)
  4 worms
  2 dart slugs
  5 leopard geckos
  56 orcs
  3 ball pythons
  10 bats
  6 giant cockroaches
  17 goblins
  10 hobgoblins
  10 jackals
  6 kobolds
  3 quokkas
  7 frilled lizards
  A giant cockroach zombie (D:5)
  2 gnoll zombies (D:3)
  A quokka zombie (D:3)
  16 rats
303 creatures vanquished.

Vanquished Creatures (others)
  A wizard (D:6)
1 creature vanquished.

Grand Total: 304 creatures vanquished

Notes
Turn   | Place    | Note
-------+----------+-------------------------------------------
     0 | D:1      | wolfsongas the Troll Transmuter began the quest for the Orb.
     0 | D:1      | Reached XP level 1. HP: 18/18 MP: 1/1
   100 | D:1      | Reached XP level 2. HP: 26/26 MP: 3/3
   131 | D:1      | Reached skill level 1 in Fighting
   523 | D:1      | Reached XP level 3. HP: 31/33 MP: 4/4
   821 | D:1      | Learned a level 2 spell: Sticks to Snakes
  1100 | D:2      | Found an iron altar of Okawaru.
  1108 | D:2      | Became a worshipper of Warmaster Okawaru
  1113 | D:2      | Reached XP level 4. HP: 41/41 MP: 5/5
  1696 | D:3      | Reached skill level 4 in Unarmed Combat
  1717 | D:3      | Reached XP level 5. HP: 43/49 MP: 4/6
  1938 | D:3      | Noticed Alex's ghost (amateur MiFi)
  1956 | D:3      | Killed Alex's ghost
  1956 | D:3      | Reached * piety under Okawaru
  1956 | D:3      | Reached XP level 6. HP: 6/57 MP: 6/8
  2076 | D:3      | Found a basalt altar of Yredelemnul.
  2399 | D:4      | Noticed holliwood's ghost (amateur OgBe)
  2400 | D:4      | Reached skill level 5 in Unarmed Combat
  2409 | D:4      | Killed holliwood's ghost
  2409 | D:4      | Reached ** piety under Okawaru
  2409 | D:4      | Reached XP level 7. HP: 57/66 MP: 9/9
  2587 | D:4      | Found Joham's Distillery.
  2597 | D:4      | Bought a potion of heal wounds for 50 gold pieces
  2597 | D:4      | Bought a potion of mutation for 80 gold pieces
  2597 | D:4      | Gained mutation: You tend to lose your temper in combat. [potion of mutation]
  2597 | D:4      | Lost mutation: You tend to lose your temper in combat. [potion of mutation]
  2598 | D:4      | Noticed Menkaure
  2607 | D:4      | Killed Menkaure
  2682 | D:4      | Noticed Eustachio
  2692 | D:4      | Killed Eustachio
  2692 | D:4      | Reached skill level 6 in Unarmed Combat
  2776 | D:4      | Found a burning altar of Makhleb.
  2869 | D:4      | Found Rolol's Antique Armour Shop.
  2905 | D:4      | Reached XP level 8. HP: 75/75 MP: 9/11
  3139 | D:5      | Entered Level 5 of the Dungeon
  3155 | D:5      | Reached *** piety under Okawaru
  3262 | D:5      | Found a staircase to the Ecumenical Temple.
  3363 | D:5      | Noticed rageheart7's ghost (novice HuWn)
  3379 | D:5      | Killed rageheart7's ghost
  3431 | D:5      | Reached skill level 7 in Unarmed Combat
  3886 | D:5      | Learned a level 5 spell: Blade Hands
  3891 | D:5      | Learned a level 4 spell: Ice Form
  3948 | D:6      | Reached **** piety under Okawaru
  3948 | D:6      | Reached XP level 9. HP: 59/84 MP: 10/12
  4182 | D:6      | Reached skill level 8 in Unarmed Combat
  4546 | D:6      | Found a bloodstained altar of Trog.
  4554 | D:6      | Noticed a wizard
  4557 | D:6      | Killed a wizard
  4734 | D:7      | Noticed wolfsongas's ghost (novice MfTm)
  4753 | D:7      | Killed wolfsongas's ghost
  4753 | D:7      | Reached skill level 5 in Dodging
  4776 | D:7      | Reached XP level 10. HP: 52/94 MP: 14/14
  4813 | D:7      | Received a gift from Okawaru
  4836 | D:7      | Reached skill level 9 in Unarmed Combat
  4944 | D:7      | Got a smoking arbalest
  4945 | D:7      | Identified the +7 arbalest of the Lonely Yaks {elec, +Fly rPois rN+ Str+4} (You found it on level 7 of the Dungeon)
  5201 | D:7      | Reached skill level 5 in Fighting
  5212 | D:7      | Reached ***** piety under Okawaru
  5218 | D:7      | Reached skill level 5 in Transmutations
  5285 | D:7      | Noticed a hand axe
  5285 | D:7      | Noticed a hand axe
  5286 | D:7      | Found a hide-covered altar of Uskayaw.
  6460 | D:9      | Paralysed by a hornet for 2 turns
  6464 | D:9      | Received a gift from Okawaru
  6724 | D:9      | Found a deep blue altar of Sif Muna.
  6728 | D:9      | Found a radiant altar of Vehumet.
  6794 | D:10     | Entered Level 10 of the Dungeon
  6802 | D:10     | Noticed a gargoyle
  6813 | D:10     | Killed a gargoyle
  6872 | D:10     | Noticed Grum
  6886 | D:10     | Killed Grum
  6895 | D:10     | Reached XP level 11. HP: 91/105 MP: 14/16
  7029 | D:10     | Killed an unseen horror
  7226 | D:10     | Found a flagged portal.
  7231 | D:10     | Found Kirph's Book Shop.
  7307 | Bailey   | Entered a bailey
  7982 | Bailey   | Learned a level 3 spell: Spider Form
  8001 | Bailey   | Slain by an orc warrior

Vault maps used:
D:1:      dpeg_arrival_court, serial_bayou_pond_a, serial_bayou_lagoon_b
D:2:      okawaru_trees_2
D:3:      lemuel_zombie_altar_yredelemnul
D:4:      old_standard_altar, serial_shops, shop, kennysheep_little_box,
          first_ration, uniq_eustachio, uniq_menkaure
D:5:      minmay_temple_entry_glassed_door, chequers_big_river
D:6:      trog_wizard
D:7:      dancing_weapons_uskayaw, grunt_livestock
D:9:      grunt_temple_overflow_open
D:10:     serial_shops, nicolae_shop_crystal, enter_bailey_3,
          kennysheep_minor_cross, hangedman_decor_growths, hex_medium, uniq_grum
Bailey:   bailey_polearm_flooded_kennysheep, bailey

Skill      XL: |  1  2  3  4  5  6  7  8  9 10 11 |
---------------+----------------------------------+-----
Fighting       | 1 2 3 4 5 6 |  6.1
Dodging        | 2 3 4 5 6 |  6.3
Unarmed Combat | 4 5 6 7 8 9 |  9.9
Transmutations | 2 3 4 6 |  6.7
Spellcasting   | 2 3 4 |  4.8

Action                   |  1- 3 |  4- 6 |  7- 9 | 10-12 || total
-------------------------+-------+-------+-------+-------++-------
Melee: Unarmed           |   124 |   132 |   311 |   342 ||   909
       Headbutt          |     4 |     3 |    13 |    10 ||    30
       Kick              |     3 |     6 |    18 |    39 ||    66
       Punch             |     2 |     1 |     8 |    21 ||    32
 Cast: Beastly Appendage |     7 |    10 |    23 |    23 ||    63
       Spider Form       |       |       |       |     1 ||     1
Invok: Heroism           |       |       |     7 |    10 ||    17
  Use: Scroll            |     4 |     8 |     3 |     4 ||    19
       Potion            |       |     4 |     2 |     7 ||    13
 Stab: Sleeping          |     1 |       |       |     1 ||     2
  Eat: Chunk             |    16 |    12 |    21 |    36 ||    85
Armor: Robe              |    32 |    28 |    51 |    51 ||   162
       Skin              |       |       |       |     1 ||     1
Dodge: Dodged            |    84 |    86 |   233 |   318 ||   721

Table legend:
 A = Spawn XP
 B = Non-spawn XP
 C = Spawn XP percentage of total XP
 D = Spawn monster count
 E = Non-spawn monster count
 F = Spawn count percentage of total count
 G = Total turns spent on level
                    A         B        C        D         E        F      G
               +---------+---------+-------+---------+---------+-------+---------
         Total |       0 |   14488 |   0.0 |       0 |     303 |   0.0 |  8001
               +---------+---------+-------+---------+---------+-------+---------
           D:1 |       0 |      48 |   0.0 |       0 |      30 |   0.0 |   855
           D:2 |       0 |      51 |   0.0 |       0 |      19 |   0.0 |   538
           D:3 |       0 |     437 |   0.0 |       0 |      39 |   0.0 |   902
           D:4 |       0 |     909 |   0.0 |       0 |      21 |   0.0 |   844
           D:5 |       0 |    1156 |   0.0 |       0 |      35 |   0.0 |   788
           D:6 |       0 |    1439 |   0.0 |       0 |      32 |   0.0 |   736
           D:7 |       0 |    2817 |   0.0 |       0 |      26 |   0.0 |   761
           D:8 |       0 |    1581 |   0.0 |       0 |      20 |   0.0 |   639
           D:9 |       0 |    1566 |   0.0 |       0 |      17 |   0.0 |   731
          D:10 |       0 |    3296 |   0.0 |       0 |      38 |   0.0 |   513
        Bailey |       0 |    1188 |   0.0 |       0 |      26 |   0.0 |   694
               +---------+---------+-------+---------+---------+-------+---------
